 Dungeon Crawl Stone Soup version 0.17.0-19-gb37c632 (console) character file.

1789 Kloppie the Firebug (level 9, -4/69 HPs)
             Began as a Formicid Fire Elementalist on Nov 12, 2015.
             Was a Follower of Vehumet.
             Slain by an unseen horror (9 damage)
             ... on level 6 of the Dungeon.
             The game lasted 00:23:04 (10106 turns).

Kloppie the Firebug (Formicid Fire Elementalist)   Turns: 10106, Time: 00:23:04

Health: -4/69      AC:  4    Str: 13    XL:     9   Next: 29%
Magic:  11/12      EV: 12    Int: 18    God:    Vehumet [*.....]
Gold:   339        SH:  0    Dex: 11    Spells: 3 memorised, 2 levels left

rFire  . . .     SeeInvis +     B - +0 falchion
rCold  . . .     Clarity  .     a - +0 robe
rNeg   . . .     SustAt   .     (no shield)
rPois  .         Gourm    .     (helmet unavailable)
rElec  .         Spirit   .     d - +0 cloak
rCorr  .         Warding  .     x - +0 pair of gloves
rMut   .         Stasis   +     (no boots)
MR     .....                    (no amulet)
Stlth  ++........               (no ring)
                                (no ring)

@: not resistant to hostile enchantments, unstealthy
A: permanent stasis, dig shafts and tunnels, four strong arms, antennae 3
a: Dig, Shaft Self, Renounce Religion


You were on level 6 of the Dungeon.
You worshipped Vehumet.
Vehumet was aware of your devotion.
You were not hungry.

You visited 2 branches of the dungeon, and saw 9 of its levels.

You collected 339 gold pieces.

Inventory:

Hand Weapons
 g - a +1 short sword of protection
 B - a +0 falchion (weapon)
Missiles
 s - 49 poisoned needles
Armour
 a - a +0 robe (worn)
 d - a +0 cloak (worn)
 x - a +0 pair of gloves (worn)
Jewellery
 y - a +1 ring of evasion {unknown}
 D - an uncursed ring of flight {unknown}
 G - an uncursed ring of flight {unknown}
 H - a cursed -3 ring of slaying {unknown}
 N - an uncursed amulet of warding {unknown}
Wands
 M - a wand of disintegration (10)
Scrolls
 e - 5 scrolls of recharging {unknown}
 f - 6 scrolls of identify {unknown}
 i - a scroll of fog {unknown}
 n - 3 scrolls of teleportation {unknown}
 u - a scroll of immolation {unknown}
 v - a scroll of enchant weapon {unknown}
 A - a scroll of fear {unknown}
 C - 2 scrolls of remove curse {unknown}
 I - a scroll of noise {unknown}
 J - a scroll of magic mapping {unknown}
 K - a scroll of enchant armour {unknown}
Potions
 h - a potion of magic {unknown}
 j - 2 potions of mutation {unknown}
 k - a potion of haste {unknown}
 l - a potion of degeneration {unknown}
 p - a potion of might {unknown}
 r - 2 potions of heal wounds {unknown}
 w - a potion of flight {unknown}
 z - a potion of beneficial mutation {unknown}
 F - a potion of cancellation {unknown}
 L - a potion of curing {unknown}
Books
 b - a book of Flames

   Spells                             Type                      Level
   a - Flame Tongue                   Conjuration/Fire             1
   b - Throw Flame                    Conjuration/Fire             2
   c - Conjure Flame                  Conjuration/Fire             3
   d - Inner Flame                    Hexes/Fire                   3
   e - Sticky Flame                   Conjuration/Fire             4
   f - Fireball                       Conjuration/Fire             5
 t - a book of Spatial Translocations

   Spells                             Type                      Level
   a - Apportation                    Translocation                1
   b - Blink                          Translocation                2
   c - Shroud of Golubria             Charms/Translocation         2
   d - Portal Projectile              Translocation                3
   e - Teleport Other                 Translocation                3
   f - Passage of Golubria            Translocation                4
 E - a book of Summonings

   Spells                             Type                      Level
   a - Recall                         Summoning/Translocation      3
   b - Aura of Abjuration             Summoning                    5
   c - Shadow Creatures               Summoning                    5
   d - Summon Demon                   Summoning                    5
   e - Summon Forest                  Summoning/Translocation      5
   f - Summon Mana Viper              Hexes/Summoning              5
 O - a book of Death

   Spells                             Type                      Level
   a - Corpse Rot                     Necromancy                   2
   b - Sublimation of Blood           Necromancy                   2
   c - Agony                          Necromancy                   5
   d - Dispel Undead                  Necromancy                   5
   e - Excruciating Wounds            Charms/Necromancy            5
   f - Bolt of Draining               Conjuration/Necromancy       5
Comestibles
 c - a bread ration
 m - 3 chunks of flesh
 o - 4 beef jerkies
 Q - a royal jelly


   Skills:
 + Level 6.0 Fighting
 + Level 3.8 Long Blades
 - Level 1.7 Dodging
 - Level 2.4 Stealth
 - Level 2.1 Spellcasting
 + Level 6.0 Conjurations
 + Level 6.9 Fire Magic


You had 2 spell levels left.
You knew the following spells:

 Your Spells              Type           Power        Failure   Level  Hunger
a - Flame Tongue          Conj/Fire      ####.        1%          1    #......
b - Sticky Flame          Conj/Fire      ####....     14%         4    #####..
c - Fireball              Conj/Fire      ####......   34%         5    ######.


Dungeon Overview and Level Annotations

Branches:
Dungeon (8/15)             Temple (1/1) D:4
   Lair: D:8-11

Altars:
Ashenzari
Cheibriados
Dithmenos
Elyvilon
Fedhas
Gozag
Kikubaaqudgha
Makhleb
Nemelex Xobeh
Okawaru
Qazlal
Ru
Sif Muna
Trog
Vehumet
Xom
Yredelemnul
Zin
The Shining One

Annotations:
D:6 P0WERM0DE's ghost, novice DsCK


Innate Abilities, Weirdness & Mutations

You are under a permanent stasis effect.
You can dig through walls and to a lower floor.
Your four strong arms can wield two-handed weapons with a shield.
You have a pair of large antennae on your head (SInv).


Message History

The unseen horror misses you. The unseen horror closely misses you.
The unseen horror completely misses you.
The unseen horror hits you!
* * * LOW HITPOINT WARNING * * *
The unseen horror hits you.
* * * LOW HITPOINT WARNING * * *
The unseen horror hits you.
* * * LOW HITPOINT WARNING * * *
The unseen horror hits you.
* * * LOW HITPOINT WARNING * * *
The unseen horror completely misses you.
The unseen horror closely misses you. The unseen horror barely misses you.
The unseen horror hits you.
* * * LOW HITPOINT WARNING * * *
The unseen horror barely misses you. The unseen horror hits you.
* * * LOW HITPOINT WARNING * * *
The unseen horror hits you!
You die...

...#............#####......#
...#.###.....##...#..##.....#
...#........###.....###..#..#
............###..##.###..# .
..###......###..###..##..#
...........###..# #..##..#
...........##...###.<)...####
.......###......##..........#
.###...# #..#W.x@....###..###
## ##..###..##.......###....#
# #..##..####......##..####
#####.....## #...........#
.##..###...# ##..........#
#....##....## ##.......###.#
###.........###........# #.#
##...............##...## #.#
##...............####...# .#


You could see an unseen horror (invisible) and P0WERM0DE's ghost.

Vanquished Creatures
  Grinder (D:6)
  An ice beast (D:6)
  An orc warrior (D:6)
  A black bear (D:6)
  2 giant frogs (D:6)
  3 scorpions
  3 killer bees
  4 wights
  2 orc priests
  A crimson imp (D:5)
  A centaur skeleton (D:4)
  6 worker ants
  3 iguanas
  4 orc wizards
  2 killer bee zombies
  11 adders
  3 shadow imps (D:5)
  2 adder zombies (D:5)
  4 oozes
  2 giant geckos
  29 orcs
  A ball python (D:1)
  6 giant cockroaches
  11 hobgoblins
  6 jackals (D:5)
  8 kobolds
  6 bats
  A giant gecko skeleton (D:4)
  3 giant newts
  4 goblins
  7 quokkas
  A quokka skeleton (D:4)
  6 rats
146 creatures vanquished.

Vanquished Creatures (others)
  4 toadstools (D:1)
4 creatures vanquished.

Grand Total: 150 creatures vanquished

Notes
Turn   | Place    | Note
--------------------------------------------------------------
     0 | D:1      | Kloppie the Formicid Fire Elementalist began the quest for the Orb.
     0 | D:1      | Reached XP level 1. HP: 13/13 MP: 3/3
    20 | D:1      | Reached skill level 1 in Conjurations
   372 | D:2      | Reached XP level 2. HP: 19/19 MP: 1/5
  1023 | D:1      | Reached XP level 3. HP: 24/24 MP: 6/6
  1706 | D:2      | Reached XP level 4. HP: 30/30 MP: 7/7
  1712 | D:2      | Learned a level 4 spell: Sticky Flame
  2163 | D:3      | Reached skill level 4 in Fire Magic
  2461 | D:3      | Reached XP level 5. HP: 35/35 MP: 5/8
  2516 | D:3      | Found a snail-covered altar of Cheibriados.
  3465 | D:4      | Reached skill level 1 in Fighting
  3498 | D:4      | Reached XP level 6. HP: 43/43 MP: 4/9
  3871 | D:4      | Reached skill level 5 in Fire Magic
  3912 | D:4      | Found a staircase to the Ecumenical Temple.
  4233 | D:4      | Reached XP level 7. HP: 11/51 MP: 7/10
  5642 | Temple   | Entered the Ecumenical Temple
  5742 | Temple   | Became a worshipper of Vehumet
  5789 | Temple   | Learned a level 5 spell: Fireball
  5807 | D:5      | Entered Level 5 of the Dungeon
  6296 | D:5      | Found a blossoming altar of Fedhas.
  7259 | D:6      | Reached skill level 1 in Long Blades
  7259 | D:6      | Reached XP level 8. HP: 45/60 MP: 6/11
  7344 | D:6      | Reached skill level 5 in Conjurations
  7425 | D:6      | Noticed P0WERM0DE's ghost (novice DsCK)
  7541 | D:6      | Reached skill level 6 in Fire Magic
  7659 | D:6      | Reached * piety under Vehumet
  7659 | D:6      | Offered knowledge of Sting by Vehumet.
  7839 | D:6      | Noticed Grinder
  7852 | D:6      | Killed Grinder
  8035 | D:6      | Reached skill level 5 in Fighting
  8527 | D:7      | Reached XP level 9. HP: 48/68 MP: 12/12
  9196 | D:6      | HP: 3/69 [orc warrior/trident (16)]
 10083 | D:6      | Noticed an unseen horror
 10106 | D:6      | Slain by an unseen horror

Action                   |  1- 3 |  4- 6 |  7- 9 || total
-------------------------+-------+-------+-------++-------
Melee: Unarmed           |    15 |       |       ||    15
       Short sword       |    78 |   255 |       ||   333
       Falchion          |       |     7 |   267 ||   274
 Cast: Flame Tongue      |    13 |    58 |   107 ||   178
       Sticky Flame      |       |       |    13 ||    13
 Stab: Sleeping          |     3 |     3 |     5 ||    11
  Eat: Chunk             |     3 |     9 |    16 ||    28
       Pizza             |       |       |     2 ||     2
       Fruit             |       |       |     2 ||     2
       Bread ration      |       |       |     1 ||     1
